AoeStats
← Fullyblastedman

Black Forest

503692133Analyzed
2v2 RM · 1mo ago on Sep 1, 2026· 20m 32s· 4 players
Game mode
Random Map
Map size
Medium (4 player)
Population
200
Speed
Normal
Resources
Standard
Victory
Conquest
Starting age
Dark Age
Ending age
Imperial Age
RankedLock teamsTeams togetherTeam positionsShared explorationLock speedFull tech treeHidden civsTurbo modeCheats
Victory
Defeat
🇬🇧 Inca · United Kingdom
900
+16
🇬🇧 Saracens · United Kingdom
874
+17
🇩🇪 Romans · Germany
902
-17
🇩🇪 Wu · Germany
880
-16
Fullyblastedman
0:37 Loom
13:32 Feudal Age
14:00 Man-at-Arms
14:57 Double-Bit Axe
22:37 Castle Age
Kind Blorner
2:31 Loom
15:30 Feudal Age
GBM I Vertigo
0:39 Loom
15:44 Feudal Age
16:33 Man-at-Arms
BButcher23
0:27 Loom
Connection lost

Rejoining the realm…

Still unreachable

The connection could not be restored.

Session expired

The server has moved on; the page needs a fresh start.